 Dungeon Crawl Stone Soup version 0.17.1-3-g152610e (webtiles) character file.

38 Freud the Magician (level 3, -8/18 HPs)
             Began as a Vine Stalker Wizard on Mar 30, 2016.
             Killed from afar by a kobold (9 damage)
             ... with a wand of frost
             ... on level 2 of the Dungeon.
             The game lasted 00:11:22 (703 turns).

Freud the Magician (Vine Stalker Wizard)             Turns: 703, Time: 00:11:22

Health: -8/18      AC:  2    Str: 10    XL:     3   Next: 43%
Magic:  0/8        EV: 12    Int: 18    God:
Gold:   12         SH:  0    Dex: 12    Spells: 3 memorised, 3 levels left

rFire  . . .     SeeInvis .     q - +0 dagger
rCold  . . .     Clarity  .     j - +0 robe (curse)
rNeg   . . .     SustAt   .     (no shield)
rPois  .         Gourm    .     t - +0 hat
rElec  .         Spirit   +     (no cloak)
rCorr  .         Warding  .     (no gloves)
rMut   .         Stasis   .     (no boots)
MR     .....                    (no amulet)
Stlth  ++........               (no ring)
                                (no ring)

@: not resistant to hostile enchantments, unstealthy
A: fangs 2, regeneration 1, magic shield, antimagic bite, no device heal 3, rot
immunity
a: no special abilities


You were on level 2 of the Dungeon.
You were not hungry.

You visited 1 branch of the dungeon, and saw 2 of its levels.

You collected 12 gold pieces.

Inventory:

Hand Weapons
 a - a +0 short sword
 b - a +0 dagger
 o - a +0 dagger
 q - a +0 dagger (weapon)
Missiles
 m - 16 poisoned needles
 p - 6 poisoned tomahawks (quivered)
Armour
 j - a cursed +0 robe (worn)
 s - a +0 scale mail
 t - a +0 hat (worn)
Scrolls
 h - a scroll of random uselessness {unknown}
 k - a scroll of teleportation {unknown}
 l - 2 scrolls of identify {unknown}
 r - a scroll of fear {unknown}
Potions
 e - a potion of might {unknown}
 f - 2 potions of curing {unknown}
 n - a potion of cure mutation {unknown}
Books
 c - a book of Minor Magic

   Spells                             Type                      Level
   a - Magic Dart                     Conjuration                  1
   b - Blink                          Translocation                2
   c - Call Imp                       Summoning                    2
   d - Repel Missiles                 Charms/Air                   2
   e - Slow                           Hexes                        2
   f - Conjure Flame                  Conjuration/Fire             3
   g - Mephitic Cloud                 Conjuration/Poison/Air       3
Comestibles
 d - 3 bread rations
 g - a meat ration


   Skills:
 - Level 1.0 Fighting
 * Level 2.2 Short Blades
 - Level 1.5 Dodging
 - Level 2.4 Stealth
 - Level 3.2 Spellcasting
 - Level 1.0 Conjurations
 - Level 1.0 Summonings
   Level 1.0 Translocations


You had 3 spell levels left.
You knew the following spells:

 Your Spells              Type           Power        Failure   Level  Hunger
a - Magic Dart            Conj           #...         12%         1    None
b - Repel Missiles        Chrm/Air       #.....       28%         2    ##.....
c - Call Imp              Summ           #.......     17%         2    ##.....


Dungeon Overview and Level Annotations

Branches:
Dungeon (2/15)

Altars:
The Shining One


Innate Abilities, Weirdness & Mutations

You have extremely sharp teeth.
Your natural rate of healing is unusually fast.
When hurt, damage is shared between your health and your magic reserves.
Your bite disrupts and absorbs the magic of your enemies.
Potions and wands cannot restore your health.
You are immune to rotting.


Message History

You completely miss the kobold. You bite the kobold. You drain its power.
The kobold is moderately wounded.
You closely miss the kobold.
The kobold is moderately wounded.
The kobold barely misses you.
Casting: Magic Dart
Confirm with . or Enter, or press ? or * to list all spells.
Aiming: Magic Dart
Press: ? - help, Shift-Dir - straight line, f - kobold
Aim: a kobold, wielding a dagger (moderately wounded)
The magic dart hits the kobold.
The kobold is heavily wounded.
The kobold zaps a wand.
The puff of frost hits you!
It is a wand of frost.
You barely miss the kobold. Your bite misses the kobold.
The kobold is heavily wounded.
The kobold zaps a wand.
The puff of frost hits you!
* * * LOW HITPOINT WARNING * * *
The kobold zaps a wand.
The puff of frost hits you!
Ouch! That really hurt!
You die...

###### ####### ###....#
#.....# #....#.# #.....#
#†####.# #.....# #.#....#
#.....####.#.####
#............#
#............############
#>............@.Kg.....
#....#.......######....
#.##.#..####.#### .
#................
######..#[#######
##..)....# #.#.....#
#####.#.....#
#<....#######


You could see a hobgoblin and a kobold.

Vanquished Creatures
  An adder (D:2)
  2 oozes (D:1)
  A bat (D:1)
  5 hobgoblins
  2 kobolds (D:1)
  A ball python (D:1)
  3 giant newts
  5 goblins
  3 rats
23 creatures vanquished.

Notes
Turn   | Place    | Note
--------------------------------------------------------------
     0 | D:1      | Freud the Vine Stalker Wizard began the quest for the Orb.
     0 | D:1      | Reached XP level 1. HP: 9/9 MP: 5/5
   123 | D:1      | Reached skill level 1 in Fighting
   123 | D:1      | Reached XP level 2. HP: 11/14 MP: 1/7
   159 | D:1      | Found a glowing golden altar of the Shining One.
   209 | D:1      | Reached skill level 1 in Short Blades
   220 | D:1      | Learned a level 2 spell: Repel Missiles
   602 | D:2      | Reached XP level 3. HP: 18/18 MP: 8/8
   643 | D:2      | Learned a level 2 spell: Call Imp
   703 | D:2      | Killed from afar by a kobold

Action                   || total
-------------------------++-------
Melee: Short sword       ||    14
       Dagger            ||    38
 Cast: Magic Dart        ||    18
 Stab: Sleeping          ||     3
